[Event "Turkish Cup 2022"]
[Site "Sakarya"]
[Date "2022.03.30"]
[Round "8.45"]
[White "Aysoy, Veysi"]
[Black "Er, Mira"]
[Result "1-0"]
[ECO "A02"]
[WhiteElo "1811"]
[BlackElo "1415"]
[Annotator "NA"]
[PlyCount "51"]
[EventDate "2022.03.25"]
[EventType "swiss"]
[EventCountry "TUR"]
[SourceTitle "playchess.com"]
[Source "ChessBase"]
[SourceQuality "1"]
[TimeControl "5400+30"]

1. f4 e5 2. fxe5 d6 3. exd6 Bxd6 4. Nf3 Nf6 5. d4 Ng4 6. g3 Nxh2 7. Rxh2 Bxg3+ 8. Rf2 Bxf2+ 9. Kxf2 Bg4 10. Bf4 Nc6 11. d5 Ne7 12. Nc3 Ng6 13. Bg3 O-O 14. Bg2 f5 15. Kg1 f4 16. Bf2 Rf5 17. Qd4 h5 18. Kh2 h4 19. Rg1 Qd7 20. Bh1 Rh5 21. Bg2 Rf5 22. Bf1 Rh5 23. Rxg4 Ne5 24. Nxe5 Rxe5 25. Qxe5 Qxg4 26. Bh3 1-0

[Event "Turkish Cup 2022"]
[Site "Sakarya"]
[Date "2022.03.30"]
[Round "8.46"]
[White "Zaimov, Berk"]
[Black "Gok, Emre"]
[Result "0-1"]
[ECO "B05"]
[WhiteElo "1498"]
[BlackElo "1745"]
[Annotator "NA RC"]
[PlyCount "90"]
[EventDate "2022.03.25"]
[EventType "swiss"]
[EventCountry "TUR"]
[SourceTitle "playchess.com"]
[Source "ChessBase"]
[SourceQuality "1"]
[TimeControl "5400+30"]

1. e4 Nf6 2. e5 Nd5 3. d4 d6 4. Nf3 Bg4 5. exd6 exd6 6. c4 Nb6 7. Be2 Be7 8. Bd2 O-O 9. b3 Nc6 10. Bc3 Bf6 11. O-O a5 12. a4 d5 13. c5 Nd7 14. Qd2 Re8 15. Ra2 Nf8 16. Na3 Ne6 17. Nb5 Ng5 18. Qf4 Rxe2 19. Rxe2 Bxf3 20. Re3 Be4 21. Rfe1 Ne6 22. Qg4 Bg6 23. f4 Ncxd4 24. Bxd4 Bxd4 25. Nxd4 Nxd4 26. Re8+ Qxe8 27. Rxe8+ Rxe8 28. Qd7 Rb8 29. Qxc7 Nc6 30. g4 Bc2 31. f5 Bxb3 32. g5 d4 33. Kf1 Bxa4 34. f6 Bb3 35. h4 a4 36. h5 a3 37. g6 hxg6 38. Qh2 a2 39. Qb2 Ra8 40. Qa1 gxf6 41. Ke2 gxh5 42. Kd2 Be6 43. Kc1 Ra5 44. Kb2 Rb5+ 45. Ka3 Rb1 0-1

[Event "Turkish Cup 2022"]
[Site "Sakarya"]
[Date "2022.03.30"]
[Round "8.47"]
[White "Sahin, Handenur"]
[Black "Sezis, Doruk"]
[Result "1-0"]
[ECO "B22"]
[WhiteElo "1997"]
[BlackElo "1566"]
[Annotator "ChessBase"]
[PlyCount "153"]
[EventDate "2022.03.25"]
[EventType "swiss"]
[EventCountry "TUR"]
[SourceTitle "playchess.com"]
[Source "ChessBase"]
[SourceQuality "1"]
[TimeControl "5400+30"]

1. e4 c5 2. c3 Nf6 3. e5 Nd5 4. d4 cxd4 5. Nf3 Nc6 6. cxd4 d6 7. Bc4 Nb6 8. Bb3 dxe5 9. Nxe5 e6 10. Nf3 Nb4 11. O-O Be7 12. Nc3 O-O 13. Qe2 N4d5 14. Ne4 Bd7 15. a4 a5 16. Ne5 Bc6 17. Ng3 Nf6 18. Nxc6 bxc6 19. Be3 Nbd5 20. Rac1 Qb6 21. Bc4 Rfd8 22. Rfd1 Rac8 23. Bg5 h6 24. Be3 Bd6 25. Nh5 Nxh5 26. Qxh5 Qxb2 27. Rb1 Qc2 28. Bd3 Qxa4 29. Bxh6 gxh6 30. Qxh6 Bf4 31. Qh7+ Kf8 32. Bc2 Qa3 33. g3 Bg5 34. Rb7 Nc7 35. h4 Bf6 36. Rd3 Qc1+ 37. Rd1 Qa3 38. Rd3 Qd6 39. Rf3 Qxd4 40. Qh6+ Ke7 41. Qc1 Qe5 42. Qa3+ Ke8 43. Kg2 Be7 44. Qc1 Qg7 45. Ba4 Nd5 46. Qc4 Kf8 47. Qe4 Nf6 48. Qc4 Qg4 49. Rf4 Qh5 50. Qc3 Nd5 51. Qd2 Nxf4+ 52. Qxf4 e5 53. Qc4 e4 54. Qxe4 Bd6 55. Bxc6 Rc7 56. Rb5 Qg6 57. Qf3 Qh6 58. Rh5 Qg7 59. Rg5 Qh6 60. Rh5 Qg7 61. Rg5 Qd4 62. Rg4 Qe5 63. Rg5 Qd4 64. Rg4 Qc5 65. Be4 Qe5 66. Rg5 Qd4 67. Rd5 Qg7 68. Rg5 Qh8 69. Qf5 Re7 70. Bd5 f6 71. Rh5 Qg7 72. Rg5 Qh8 73. Rg6 Be5 74. f4 Rxd5 75. fxe5 Rdxe5 76. Rxf6+ Kg8 77. Rf8+ 1-0

[Event "Turkish Cup 2022"]
[Site "Sakarya"]
[Date "2022.03.30"]
[Round "9.1"]
[White "Yavuz, Efe Metehan"]
[Black "Yurtseven, Melih"]
[Result "1-0"]
[ECO "A05"]
[WhiteElo "2054"]
[BlackElo "2388"]
[Annotator "NA"]
[PlyCount "111"]
[EventDate "2022.03.25"]
[EventType "swiss"]
[EventCountry "TUR"]
[SourceTitle "playchess.com"]
[Source "ChessBase"]
[SourceQuality "1"]
[TimeControl "5400+30"]

1. Nf3 Nf6 2. g3 b5 3. Bg2 Bb7 4. O-O e6 5. d3 c5 6. e4 d6 7. Nbd2 Nbd7 8. Re1 Be7 9. c3 O-O 10. d4 cxd4 11. cxd4 Qb6 12. b3 Rfc8 13. Bb2 a5 14. Bf1 d5 15. e5 Ne8 16. a4 Ba6 17. axb5 Bxb5 18. Ba3 Bxa3 19. Bxb5 Qxb5 20. Rxa3 Nb8 21. Qa1 Rc2 22. Qb1 Rc3 23. Qb2 Rc7 24. Kg2 Ra6 25. Raa1 a4 26. Reb1 Rb7 27. Qc1 Rc7 28. Qb2 axb3 29. Rxa6 Nxa6 30. Qxb3 Qxb3 31. Rxb3 Rc2 32. h4 h6 33. g4 Kh7 34. h5 g6 35. hxg6+ fxg6 36. Rb7+ Nac7 37. Nb3 Rb2 38. Ne1 g5 39. Nd3 Rb1 40. Ndc5 Kg6 41. Rb6 Rb2 42. Nd3 Rb1 43. Ndc5 Rb2 44. Rc6 Rc2 45. Na5 Kh7 46. Rb6 Ng7 47. Rb7 Nce8 48. Nxe6 Rc3 49. Rd7 Ra3 50. Nc6 Ra6 51. Nxg7 Nxg7 52. Ne7 Kh8 53. Nxd5 Ne6 54. Nf6 Nf8 55. Rf7 Ra8 56. e6 1-0

[Event "Turkish Cup 2022"]
[Site "Sakarya"]
[Date "2022.03.30"]
[Round "9.2"]
[White "Koksal, Ege"]
[Black "Yaran, Siar"]
[Result "1/2-1/2"]
[ECO "D35"]
[WhiteElo "2343"]
[BlackElo "2272"]
[Annotator "NA"]
[PlyCount "30"]
[EventDate "2022.03.25"]
[EventType "swiss"]
[EventCountry "TUR"]
[SourceTitle "playchess.com"]
[Source "ChessBase"]
[SourceQuality "1"]
[TimeControl "5400+30"]

1. d4 d5 2. c4 e6 3. Nc3 Nf6 4. cxd5 exd5 5. Bg5 Be7 6. e3 c6 7. Bd3 Nbd7 8. Nge2 Nh5 9. Bxe7 Qxe7 10. g4 Nhf6 11. Ng3 h6 12. Nf5 Qf8 13. Qf3 g6 14. Ng3 Qe7 15. h3 Nb6 1/2-1/2

[Event "Turkish Cup 2022"]
[Site "Sakarya"]
[Date "2022.03.30"]
[Round "9.3"]
[White "Zor, Alber Kadir"]
[Black "Ozsakallioglu, Okan"]
[Result "1/2-1/2"]
[ECO "B19"]
[WhiteElo "2147"]
[BlackElo "2270"]
[Annotator "NA"]
[PlyCount "47"]
[EventDate "2022.03.25"]
[EventType "swiss"]
[EventCountry "TUR"]
[SourceTitle "playchess.com"]
[Source "ChessBase"]
[SourceQuality "1"]
[TimeControl "5400+30"]

1. e4 c6 2. d4 d5 3. Nd2 dxe4 4. Nxe4 Bf5 5. Ng3 Bg6 6. h4 h6 7. Nf3 Nd7 8. h5 Bh7 9. Bd3 Bxd3 10. Qxd3 Ngf6 11. Bd2 e6 12. O-O-O Be7 13. Qe2 O-O 14. Nf1 c5 15. g4 cxd4 16. g5 Nd5 17. gxh6 Qb6 18. Rg1 Ba3 19. Rxg7+ Kh8 20. bxa3 Nc3 21. Bxc3 dxc3 22. Rh7+ Kg8 23. Rg7+ Kh8 24. Rh7+ 1/2-1/2

[Event "Turkish Cup 2022"]
[Site "Sakarya"]
[Date "2022.03.30"]
[Round "9.4"]
[White "Gulbeyaz, Emir"]
[Black "Kilic, Eray"]
[Result "0-1"]
[ECO "D02"]
[WhiteElo "2218"]
[BlackElo "2088"]
[Annotator "NA"]
[PlyCount "104"]
[EventDate "2022.03.25"]
[EventType "swiss"]
[EventCountry "TUR"]
[SourceTitle "playchess.com"]
[Source "ChessBase"]
[SourceQuality "1"]
[TimeControl "5400+30"]

1. d4 Nf6 2. Nf3 g6 3. Nbd2 d5 4. e3 Bg7 5. b4 O-O 6. Bb2 Bf5 7. c4 c6 8. Be2 dxc4 9. Bxc4 Ne4 10. Nxe4 Bxe4 11. O-O Nd7 12. Nd2 Bd5 13. e4 Bxc4 14. Nxc4 Nb6 15. Na5 Qd7 16. Qc2 Rac8 17. Rfd1 f5 18. Nb3 fxe4 19. Qxe4 Qd5 20. Re1 Nc4 21. Bc3 Nd6 22. Qxe7 Rce8 23. Qd7 Ne4 24. Qxd5+ cxd5 25. Bb2 Rxf2 26. Rxe4 Ref8 27. Re8 Rxb2 28. Rxf8+ Bxf8 29. Rc1 Rxa2 30. Nc5 b6 31. Nd3 Rd2 32. Rc3 a5 33. bxa5 bxa5 34. Nc5 Bg7 35. Ne6 Bf6 36. Rc7 Re2 37. Rc6 Kf7 38. Nc7 Bxd4+ 39. Kf1 Rf2+ 40. Ke1 Rxg2 41. Ne6 Bf6 42. Nf4 Rxh2 43. Rc7+ Ke8 44. Nxd5 Bh4+ 45. Kf1 h5 46. Rg7 Bg3 47. Rxg6 h4 48. Ne3 a4 49. Ng2 a3 50. Ra6 h3 51. Rxa3 Rh1+ 52. Ke2 hxg2 0-1

[Event "Turkish Cup 2022"]
[Site "Sakarya"]
[Date "2022.03.30"]
[Round "9.5"]
[White "Samani, Yamac"]
[Black "Isik, Alparslan"]
[Result "1-0"]
[ECO "D02"]
[WhiteElo "2257"]
[BlackElo "2328"]
[Annotator "NA"]
[PlyCount "54"]
[EventDate "2022.03.25"]
[EventType "swiss"]
[EventCountry "TUR"]
[SourceTitle "playchess.com"]
[Source "ChessBase"]
[SourceQuality "1"]
[TimeControl "5400+30"]

1. Nf3 d5 2. d4 Nf6 3. Bf4 c5 4. e3 Nc6 5. c3 e6 6. Nbd2 cxd4 7. exd4 Nh5 8. Be5 f6 9. Bg3 Bd6 10. Bd3 Nf4 11. Bxf4 Bxf4 12. Qc2 e5 13. O-O e4 14. Nxe4 dxe4 15. Bxe4 Ne7 16. Rfe1 Kf8 17. Re2 g6 18. Rae1 Bf5 19. Nh4 Qd7 20. Nxf5 gxf5 21. Bd3 Bd6 22. Re6 Kg7 23. Qe2 Ng6 24. Bxf5 Rhf8 25. g3 Qc7 26. Qg4 Kf7 27. Bxg6+ hxg6 1-0

[Event "Turkish Cup 2022"]
[Site "Sakarya"]
[Date "2022.03.30"]
[Round "9.6"]
[White "Guven, Oguz Kagan"]
[Black "Sevgi, Volkan"]
[Result "1/2-1/2"]
[ECO "E61"]
[WhiteElo "2157"]
[BlackElo "2344"]
[Annotator "NA"]
[PlyCount "52"]
[EventDate "2022.03.25"]
[EventType "swiss"]
[EventCountry "TUR"]
[SourceTitle "playchess.com"]
[Source "ChessBase"]
[SourceQuality "1"]
[TimeControl "5400+30"]

1. d4 Nf6 2. Bf4 b6 3. e3 Bb7 4. Nf3 g6 5. c4 Bg7 6. h3 O-O 7. Nc3 d6 8. Be2 Nbd7 9. Qc2 e5 10. dxe5 Nxe5 11. Bxe5 dxe5 12. O-O e4 13. Rfd1 Qe7 14. Nd4 c5 15. Ndb5 a6 16. Nd6 Bc6 17. Rd2 Rfd8 18. Rad1 Bf8 19. Ndxe4 Nxe4 20. Rxd8 Rxd8 21. Rxd8 Qxd8 22. Nxe4 Bxe4 23. Qxe4 Qd2 24. Qd3 Qxb2 25. a4 Qb4 26. Qd1 Qc3 1/2-1/2

[Event "Turkish Cup 2022"]
[Site "Sakarya"]
[Date "2022.03.30"]
[Round "9.7"]
[White "Koc, Ilkay"]
[Black "Huseyinoglu, Alihan"]
[Result "0-1"]
[ECO "A85"]
[WhiteElo "1995"]
[BlackElo "2312"]
[Annotator "NA"]
[PlyCount "62"]
[EventDate "2022.03.25"]
[EventType "swiss"]
[EventCountry "TUR"]
[SourceTitle "playchess.com"]
[Source "ChessBase"]
[SourceQuality "1"]
[TimeControl "5400+30"]

1. d4 g6 2. c4 Bg7 3. Nf3 f5 4. Nc3 Nf6 5. Bf4 d6 6. h3 O-O 7. e3 c5 8. Be2 Ne4 9. Rc1 Nc6 10. d5 Nxc3 11. bxc3 Na5 12. O-O Bd7 13. Bh2 a6 14. e4 fxe4 15. Ng5 b5 16. cxb5 axb5 17. Bg4 Bh6 18. Ne6 Bxe6 19. Bxe6+ Kh8 20. Rb1 Nc4 21. Rxb5 Nd2 22. Re1 Rxa2 23. Bg3 Qa8 24. Bh4 Qa6 25. c4 Qa7 26. Kh1 Bf4 27. Bg3 Bxg3 28. fxg3 Qa3 29. Qc1 Qxg3 30. Rb2 Qxe1+ 31. Qxe1 Rxb2 0-1

[Event "Turkish Cup 2022"]
[Site "Sakarya"]
[Date "2022.03.30"]
[Round "9.8"]
[White "Eren, Ataberk"]
[Black "Tarhan, Adar"]
[Result "1-0"]
[ECO "C78"]
[WhiteElo "2306"]
[BlackElo "2125"]
[Annotator "NA"]
[PlyCount "130"]
[EventDate "2022.03.25"]
[EventType "swiss"]
[EventCountry "TUR"]
[SourceTitle "playchess.com"]
[Source "ChessBase"]
[SourceQuality "1"]
[TimeControl "5400+30"]

1. e4 e5 2. Nf3 Nc6 3. Bb5 a6 4. Ba4 Nf6 5. O-O b5 6. Bb3 Bb7 7. d3 Bc5 8. c3 d6 9. Nbd2 O-O 10. h3 Bb6 11. Re1 Ne7 12. Nf1 Ng6 13. Ng3 Re8 14. a4 h6 15. Be3 Bxe3 16. fxe3 d5 17. exd5 Bxd5 18. Bxd5 Qxd5 19. e4 Qc6 20. axb5 axb5 21. Rxa8 Qxa8 22. Qb3 Qc6 23. Kh2 Nf4 24. d4 exd4 25. Nxd4 Qc4 26. Qc2 b4 27. Qd2 bxc3 28. bxc3 Nd3 29. Re3 Nc5 30. Qc2 h5 31. Kg1 h4 32. Ngf5 Rxe4 33. Qf2 Rxe3 34. Qxe3 Nce4 35. Ne2 g6 36. Nxh4 Nd5 37. Qf3 Nd2 38. Qg4 Qd3 39. Ng3 Ne7 40. Kh2 c5 41. Qg5 Qd6 42. Kh1 Kh7 43. Qe3 Nc4 44. Qf2 Ne5 45. Ne4 Qd1+ 46. Kh2 c4 47. Qf6 N7c6 48. Ng5+ Kg8 49. Nxf7 Qh5 50. Nxe5 Nxe5 51. Qe6+ Kg7 52. Qe7+ Kg8 53. Qe8+ Kg7 54. Qe7+ Kg8 55. g4 Qh6 56. Qe6+ Kh7 57. Qxe5 Qxh4 58. Qc7+ Kh8 59. Kg2 Qe1 60. Qxc4 Qd2+ 61. Kf3 Qd1+ 62. Kg3 Qe1+ 63. Kf4 Qf2+ 64. Kg5 Qe3+ 65. Qf4 Qe8 1-0

[Event "Turkish Cup 2022"]
[Site "Sakarya"]
[Date "2022.03.30"]
[Round "9.10"]
[White "Maruflu, Enes Yusuf"]
[Black "Kirilmaz, Emre"]
[Result "1/2-1/2"]
[ECO "B11"]
[WhiteElo "1945"]
[BlackElo "2229"]
[Annotator "NA"]
[PlyCount "130"]
[EventDate "2022.03.25"]
[EventType "swiss"]
[EventCountry "TUR"]
[SourceTitle "playchess.com"]
[Source "ChessBase"]
[SourceQuality "1"]
[TimeControl "5400+30"]

1. e4 c6 2. Nf3 d5 3. Nc3 Bg4 4. h3 Bxf3 5. Qxf3 e6 6. d3 g6 7. Bd2 Bg7 8. g4 Qb6 9. O-O-O Ne7 10. Qg3 Nd7 11. Bg2 O-O-O 12. f4 Nc5 13. e5 d4 14. Ne4 Nd5 15. Nxc5 Qxc5 16. Qe1 a5 17. Kb1 Bf8 18. h4 Qb5 19. Bxd5 Rxd5 20. h5 Ba3 21. Bc1 Rf8 22. Ka1 Be7 23. Qe4 a4 24. Rh2 a3 25. b3 Qa5 26. g5 b5 27. Rdh1 Kc7 28. Kb1 c5 29. Bd2 Qa8 30. hxg6 hxg6 31. Rh7 c4 32. Rg7 Kd7 33. Rhh7 cxb3 34. cxb3 Qe8 35. Qg2 Kc6 36. Qh1 Kb6 37. Qf3 Rd7 38. Rh1 Rc7 39. Qf2 Rh8 40. Qg2 Rxh1+ 41. Qxh1 Qf8 42. Rh7 Bb4 43. Rh8 Qxh8 44. Qxh8 Bxd2 45. Qb8+ Kc6 46. Qa8+ Kb6 47. Qxa3 b4 48. Qa4 Rc1+ 49. Kb2 Rc6 50. Qa8 Bc1+ 51. Kb1 Ba3 52. Qd8+ Kb5 53. Qd7 Kb6 54. Qxd4+ Ka6 55. Qg1 Rc3 56. d4 Kb5 57. Qd1 Kc6 58. Qh1+ Kc7 59. Qf1 Kc6 60. Qg2+ Kc7 61. Qd2 Kc6 62. Qg2+ Kc7 63. Qh1 Kb6 64. Qg1 Kc6 65. Qg2+ Kb6 1/2-1/2

[Event "Turkish Cup 2022"]
[Site "Sakarya"]
[Date "2022.03.30"]
[Round "9.11"]
[White "Kilic, Efe Mert"]
[Black "Daghan, Devran"]
[Result "1/2-1/2"]
[ECO "B12"]
[WhiteElo "2220"]
[BlackElo "1985"]
[Annotator "NA"]
[PlyCount "195"]
[EventDate "2022.03.25"]
[EventType "swiss"]
[EventCountry "TUR"]
[SourceTitle "playchess.com"]
[Source "ChessBase"]
[SourceQuality "1"]
[TimeControl "5400+30"]

1. e4 c6 2. d4 d5 3. e5 Bf5 4. Nf3 e6 5. Be2 Ne7 6. O-O Ng6 7. c3 Nd7 8. Be3 f6 9. exf6 Qxf6 10. Bg5 Qf7 11. Nh4 Nxh4 12. Bxh4 Bd6 13. Bg3 Bxg3 14. fxg3 Qe7 15. g4 Bg6 16. Nd2 e5 17. dxe5 Nxe5 18. Qa4 Qc5+ 19. Qd4 Qxd4+ 20. cxd4 Nf7 21. b4 a6 22. a4 O-O 23. b5 axb5 24. axb5 Rae8 25. Rf2 cxb5 26. Bxb5 Rb8 27. Nf3 Nd6 28. Rb2 Ra8 29. Re1 Be4 30. Nd2 Ra5 31. Bd7 b5 32. Nxe4 dxe4 33. Bc6 Ra6 34. Bd5+ Kh8 35. h3 Ra4 36. Bc6 Rb8 37. Reb1 Ra6 38. d5 g5 39. Rb3 Rab6 40. Rb4 Kg7 41. Ra1 Rf8 42. Rab1 Rf7 43. R4b3 Kf6 44. Bxb5 Rfb7 45. Ba4 Rxb3 46. Rxb3 Ra7 47. Bb5 Ra2 48. Kf1 Ke5 49. Be2 Kxd5 50. Rb8 e3 51. Bf3+ Ke5 52. Ke1 Nc4 53. Re8+ Kd4 54. Rd8+ Kc3 55. Rc8 Ra1+ 56. Ke2 Ra2+ 57. Ke1 Kd4 58. Rd8+ Ke5 59. Rd5+ Ke6 60. Rd3 Ra1+ 61. Ke2 Ke5 62. Rd5+ Ke6 63. Rc5 Ra2+ 64. Kd3 e2 65. Bxe2 Ne5+ 66. Ke3 Ra3+ 67. Kf2 h6 68. Rb5 Rc3 69. Rb6+ Rc6 70. Rb7 Kf6 71. Rb2 Ng6 72. Bf3 Rd6 73. Be4 Ke5 74. Bf5 Nf4 75. Ke3 Ra6 76. Rb5+ Nd5+ 77. Kf2 Ra2+ 78. Kg3 Kd4 79. Rb8 Nf4 80. Rd8+ Ke3 81. Re8+ Kd4 82. Rd8+ Ke5 83. Re8+ Kd6 84. Be4 Re2 85. Rd8+ Ke7 86. Rd4 Rxg2+ 87. Bxg2 Ne2+ 88. Kf2 Nxd4 89. Bf1 Kd6 90. Kg3 Ke5 91. h4 Ke4 92. hxg5 hxg5 93. Ba6 Ke3 94. Bc4 Nc2 95. Ba6 Na3 96. Bf1 Nb1 97. Bg2 Nc3 98. Bf3 1/2-1/2

[Event "Turkish Cup 2022"]
[Site "Sakarya"]
[Date "2022.03.30"]
[Round "9.12"]
[White "Akin, Kadir"]
[Black "Ozdemir, Serhan Berat"]
[Result "1/2-1/2"]
[ECO "B22"]
[WhiteElo "1964"]
[BlackElo "2185"]
[Annotator "NA"]
[PlyCount "136"]
[EventDate "2022.03.25"]
[EventType "swiss"]
[EventCountry "TUR"]
[SourceTitle "playchess.com"]
[Source "ChessBase"]
[SourceQuality "1"]
[TimeControl "5400+30"]

1. e4 c5 2. c3 d5 3. exd5 Qxd5 4. d4 Nc6 5. Nf3 Bg4 6. Be2 cxd4 7. cxd4 e6 8. Nc3 Qa5 9. Be3 Nf6 10. O-O Bd6 11. h3 Bh5 12. Qb3 Qb4 13. Rfd1 Qxb3 14. axb3 Nb4 15. d5 Nbxd5 16. Rxa7 Rxa7 17. Bxa7 Ke7 18. Bd4 Nf4 19. Ra1 Nxe2+ 20. Nxe2 Bxf3 21. gxf3 e5 22. Be3 Nd5 23. Nc3 Nxe3 24. fxe3 Bc5 25. Kf2 f5 26. Ke2 Rd8 27. Ra5 Kd6 28. b4 Bxb4 29. Rd5+ Ke7 30. Rxe5+ Kf6 31. Rb5 Bxc3 32. bxc3 Rd7 33. Kf2 g6 34. Kg3 Rc7 35. h4 Kg7 36. Kf4 Kh6 37. e4 fxe4 38. fxe4 Kg7 39. Rb6 h5 40. c4 Rxc4 41. Rxb7+ Kh6 42. Rb3 Rc1 43. Kg3 Rg1+ 44. Kh3 Kg7 45. Rb6 Re1 46. Rb7+ Kf6 47. Rb6+ Kf7 48. Rb7+ Kg8 49. Rb8+ Kg7 50. Rb7+ Kh6 51. Re7 Rg1 52. Kh2 Ra1 53. Kh3 Ra3+ 54. Kh2 Rc3 55. Kg2 Rc6 56. Kg3 Rf6 57. Kh3 g5 58. hxg5+ Kxg5 59. Re5+ Kg6 60. Kh4 Rf4+ 61. Kh3 Rg4 62. Re6+ Kg5 63. Re5+ Kf4 64. Rxh5 Rg3+ 65. Kh2 Re3 66. Rf5+ Kg4 67. Rf8 Re2+ 68. Kg1 Rxe4 1/2-1/2

[Event "Turkish Cup 2022"]
[Site "Sakarya"]
[Date "2022.03.30"]
[Round "9.13"]
[White "Yazici, Ugur Doga"]
[Black "Ozcan, Ilker"]
[Result "0-1"]
[ECO "B30"]
[WhiteElo "2195"]
[BlackElo "2014"]
[Annotator "NA"]
[PlyCount "82"]
[EventDate "2022.03.25"]
[EventType "swiss"]
[EventCountry "TUR"]
[SourceTitle "playchess.com"]
[Source "ChessBase"]
[SourceQuality "1"]
[TimeControl "5400+30"]

1. e4 c5 2. Nf3 Nc6 3. Bb5 Nf6 4. Bxc6 dxc6 5. d3 Qc7 6. Nbd2 e5 7. h3 Be7 8. Nc4 b5 9. Ne3 c4 10. O-O cxd3 11. cxd3 O-O 12. Qc2 Rd8 13. Rd1 Bd6 14. Bd2 Be6 15. a4 a6 16. Rac1 Rac8 17. Ng5 Bd7 18. Qb3 Be8 19. Nf5 Bf8 20. axb5 axb5 21. Ra1 Ra8 22. Rxa8 Rxa8 23. f4 exf4 24. Rf1 Nh5 25. Qd1 g6 26. g4 fxg3 27. d4 h6 28. Nf3 Kh7 29. e5 Bd7 30. Nxg3 Nxg3 31. Ng5+ hxg5 32. Rxf7+ Kg8 33. Rf6 Bg7 34. Qb3+ Kh7 35. Qf7 Rf8 36. Qxg6+ Kg8 37. Bb4 Rxf6 38. exf6 Bf5 39. Qe8+ Kh7 40. f7 Bxd4+ 41. Kg2 Be4+ 0-1

[Event "Turkish Cup 2022"]
[Site "Sakarya"]
[Date "2022.03.30"]
[Round "9.14"]
[White "Isbilir, Okan"]
[Black "Bacak, Muhammed Kaan"]
[Result "0-1"]
[ECO "A42"]
[WhiteElo "1915"]
[BlackElo "2155"]
[Annotator "NA"]
[PlyCount "96"]
[EventDate "2022.03.25"]
[EventType "swiss"]
[EventCountry "TUR"]
[SourceTitle "playchess.com"]
[Source "ChessBase"]
[SourceQuality "1"]
[TimeControl "5400+30"]

1. d4 Nf6 2. c4 g6 3. Nc3 Bg7 4. e4 d6 5. Be3 Nc6 6. d5 Nb8 7. Bd3 c6 8. f3 a6 9. Nge2 O-O 10. O-O Nbd7 11. Qd2 Ne5 12. Rfd1 Bd7 13. Kh1 Rc8 14. Rac1 c5 15. b3 Nxd3 16. Qxd3 Rb8 17. a4 Ne8 18. Ra1 b6 19. Ra2 Nc7 20. Qd2 Re8 21. h3 Qc8 22. Ng1 b5 23. axb5 axb5 24. Rc1 Qb7 25. f4 b4 26. Nce2 e6 27. e5 dxe5 28. d6 Na6 29. fxe5 Bxe5 30. Nf3 Bg7 31. Bh6 Bh8 32. Ng3 e5 33. Ng5 e4 34. Qf4 f5 35. N3xe4 Bc6 36. Ng3 Be5 37. Qf2 Rbd8 38. Nxf5 gxf5 39. Qxf5 Rxd6 40. Re1 Rf6 41. Qxf6 Bxf6 42. Rxe8+ Bxe8 43. Rf2 Qe7 44. Ne4 Qxe4 45. Rxf6 Qe1+ 46. Kh2 Qe5+ 47. Rf4 Qd6 48. Kg1 Qxh6 0-1

[Event "Turkish Cup 2022"]
[Site "Sakarya"]
[Date "2022.03.30"]
[Round "9.15"]
[White "Ererdem, Gani Eren"]
[Black "Temizer, Umut"]
[Result "0-1"]
[ECO "D30"]
[WhiteElo "2134"]
[BlackElo "1972"]
[Annotator "NA"]
[PlyCount "64"]
[EventDate "2022.03.25"]
[EventType "swiss"]
[EventCountry "TUR"]
[SourceTitle "playchess.com"]
[Source "ChessBase"]
[SourceQuality "1"]
[TimeControl "5400+30"]

1. d4 d5 2. c4 e6 3. Nf3 a6 4. e3 Nf6 5. Nc3 Be7 6. b3 O-O 7. Bd3 b6 8. O-O Bb7 9. Qc2 Nbd7 10. Bb2 c5 11. cxd5 exd5 12. Rad1 Re8 13. Ne5 cxd4 14. exd4 Bd6 15. f4 b5 16. a3 Nf8 17. Rf3 Qb6 18. Kh1 Rac8 19. Bf5 Rc7 20. Qf2 Ne4 21. Bxe4 dxe4 22. Rg3 Kh8 23. Ng4 Ng6 24. f5 Bxg3 25. Qxg3 Nf8 26. f6 g6 27. d5 Bc8 28. Qf4 Bxg4 29. Qh6 Qxf6 30. Na4 Qxb2 31. Nxb2 Bxd1 32. Nxd1 e3 0-1

[Event "Turkish Cup 2022"]
[Site "Sakarya"]
[Date "2022.03.30"]
[Round "9.16"]
[White "Gulden, Egemen"]
[Black "Ibik, Halit Yavuz"]
[Result "1/2-1/2"]
[ECO "A00"]
[WhiteElo "2094"]
[BlackElo "1996"]
[Annotator "NA"]
[PlyCount "101"]
[EventDate "2022.03.25"]
[EventType "swiss"]
[EventCountry "TUR"]
[SourceTitle "playchess.com"]
[Source "ChessBase"]
[SourceQuality "1"]
[TimeControl "5400+30"]

1. b4 e5 2. Bb2 Bxb4 3. Bxe5 Nf6 4. c3 Be7 5. g3 Nc6 6. Bxf6 Bxf6 7. Bg2 d5 8. e3 b6 9. Ne2 O-O 10. O-O Ne7 11. d4 c6 12. a4 a5 13. Nd2 Ba6 14. Re1 Qc7 15. Qb3 g6 16. c4 Rfd8 17. Nc3 dxc4 18. Nxc4 Rab8 19. Rec1 Bg7 20. Rab1 Bc8 21. d5 cxd5 22. Nxb6 Be6 23. Ncxd5 Qa7 24. Nxe7+ Qxe7 25. Qb5 Ba2 26. Qxa5 Bxb1 27. Rxb1 Rd6 28. Qa6 Qd8 29. a5 Bc3 30. h4 Bxa5 31. Qxa5 Rdxb6 32. Rxb6 Rxb6 33. Qa2 Qd1+ 34. Kh2 Rd6 35. Qa8+ Kg7 36. Qe4 Qa1 37. g4 Qb2 38. Kg3 Re6 39. Qd4+ Qxd4 40. exd4 Rd6 41. d5 Kf6 42. Kf4 h6 43. g5+ hxg5+ 44. hxg5+ Ke7 45. Be4 Rb6 46. Ke5 Rd6 47. f4 Rb6 48. Bc2 Rd6 49. Ba4 Rd8 50. Bb5 Rd6 51. Bd3 1/2-1/2

[Event "Turkish Cup 2022"]
[Site "Sakarya"]
[Date "2022.03.30"]
[Round "9.17"]
[White "Sahin, Fehim"]
[Black "Korkmaz, Necmettin"]
[Result "0-1"]
[ECO "D00"]
[WhiteElo "1648"]
[BlackElo "2076"]
[Annotator "NA"]
[PlyCount "90"]
[EventDate "2022.03.25"]
[EventType "swiss"]
[EventCountry "TUR"]
[SourceTitle "playchess.com"]
[Source "ChessBase"]
[SourceQuality "1"]
[TimeControl "5400+30"]

1. d4 d5 2. f4 Nf6 3. Nf3 Bf5 4. e3 e6 5. Bd3 Bxd3 6. Qxd3 Nbd7 7. Nbd2 c5 8. c3 Bd6 9. Ne5 O-O 10. O-O Rc8 11. a4 Ne8 12. Nxd7 Qxd7 13. e4 cxd4 14. cxd4 dxe4 15. Nxe4 Be7 16. Bd2 Nf6 17. Nxf6+ Bxf6 18. Bc3 Rfd8 19. Rfd1 Qd5 20. Kf2 Rc4 21. Ke3 e5 22. fxe5 Bxe5 23. g3 Bf6 24. Qe4 Qd7 25. Kf3 Re8 26. Qf4 h6 27. Rd3 Bg5 28. Qg4 f5 29. Qh5 Rxa4 30. Rad1 Ra6 31. d5 g6 32. Qh3 Qa4 33. Bd4 Qc4 34. Kf2 Qc2+ 35. Kg1 Re1+ 36. Rxe1 Qxd3 37. Bf2 Qxd5 38. Qf1 Re6 39. Rd1 Qf3 40. Rd3 Qe2 41. Qb1 a6 42. b4 Rc6 43. Qb3+ Qe6 44. Qa4 Rc1+ 45. Rd1 b5 0-1

[Event "Turkish Cup 2022"]
[Site "Sakarya"]
[Date "2022.03.30"]
[Round "9.18"]
[White "Baltaci, Ismail Tarik"]
[Black "Kavri, Yusuf Eren"]
[Result "1-0"]
[ECO "C00"]
[WhiteElo "2033"]
[BlackElo "1886"]
[Annotator "NA"]
[PlyCount "63"]
[EventDate "2022.03.25"]
[EventType "swiss"]
[EventCountry "TUR"]
[SourceTitle "playchess.com"]
[Source "ChessBase"]
[SourceQuality "1"]
[TimeControl "5400+30"]

1. Nf3 Nf6 2. g3 d5 3. Bg2 e6 4. O-O Be7 5. d3 O-O 6. Nbd2 c5 7. e4 Nc6 8. Re1 b5 9. e5 Nd7 10. Nf1 Qc7 11. Bf4 c4 12. d4 b4 13. Ne3 a5 14. h4 Qa7 15. c3 Rb8 16. Ng5 bxc3 17. bxc3 Ba6 18. Qh5 Bxg5 19. Qxg5 h6 20. Qh5 Ne7 21. Ng4 Nf5 22. Bh3 Rb2 23. Nf6+ Nxf6 24. exf6 g6 25. Qd1 h5 26. Bxf5 exf5 27. Bd6 Rfb8 28. Qc1 Kh7 29. Re7 R2b7 30. Bxb8 Qxb8 31. Qe3 f4 32. Qxf4 1-0

[Event "Turkish Cup 2022"]
[Site "Sakarya"]
[Date "2022.03.30"]
[Round "9.19"]
[White "Kandaz, Berat Efe"]
[Black "Gulsoy, Mustafa Alpago"]
[Result "0-1"]
[ECO "A42"]
[WhiteElo "1519"]
[BlackElo "2023"]
[Annotator "NA"]
[PlyCount "58"]
[EventDate "2022.03.25"]
[EventType "swiss"]
[EventCountry "TUR"]
[SourceTitle "playchess.com"]
[Source "ChessBase"]
[SourceQuality "1"]
[TimeControl "5400+30"]

1. d4 g6 2. c4 Bg7 3. e4 d6 4. Nc3 Nc6 5. Be3 e5 6. d5 Nce7 7. Nge2 f5 8. f3 Nf6 9. b4 O-O 10. Qb3 fxe4 11. Nxe4 Nf5 12. Bf2 a5 13. b5 a4 14. Qd3 b6 15. h4 Nxe4 16. Qxe4 Nd4 17. Nxd4 exd4 18. O-O-O Bh6+ 19. Kb2 Bf5 20. Qe1 Re8 21. Qb4 a3+ 22. Kb3 Qf6 23. g4 Bxg4 24. Bxd4 Re3+ 25. Kc2 Bf5+ 26. Bd3 Qxd4 27. Bxf5 Re2+ 28. Kb1 Rb2+ 29. Ka1 Rd2+ 0-1